 Dungeon Crawl Stone Soup version 0.22-a0-293-gc9362ec (webtiles) character file.

41930 Amnesiac the Geomancer (level 13, -9/110 HPs)
             Began as a Demigod Wizard on Mar 24, 2018.
             Mangled by a two-headed ogre
             ... wielding a +0 giant spiked club
              (22 damage)
             ... on level 2 of the Orcish Mines.
             The game lasted 00:36:36 (16012 turns).

Amnesiac the Geomancer (Demigod Wizard)            Turns: 16012, Time: 00:36:36

Health: -9/110     AC:  7    Str: 10    XL:     13   Next: 46%
Magic:  5/44       EV: 18    Int: 30    God:
Gold:   1523       SH:  0    Dex: 14    Spells: 12/32 levels left

rFire    + . .     SeeInvis .   u - staff of earth
rCold    + . .     Gourm    .   (no shield)
rNeg     . . .     Faith    .   a - +1 robe {rF+}
rPois    .         Spirit   .   m - +0 Maxwell's etheric cage {RegenMP+ *Contam rElec MP+4}
rElec    +         Reflect  .   y - scarf {repulsion}
rCorr    .         Harm     +   (no gloves)
MR       +....                  w - +2 pair of boots
Stlth    ++........             j - amulet of harm
HPRegen  0.28/turn              t - ring of protection from cold MPRegen 0.79/turn*
                                e - ring of magical power

@: lethally poisoned (-9 -> -11), very slightly contaminated, repel missiles
A: high mp 1
a: no special abilities


You were on level 2 of the Orcish Mines.
You were hungry.

You visited 3 branches of the dungeon, and saw 15 of its levels.

You collected 1523 gold pieces.

Inventory:

Hand Weapons
 g - a +2 dagger of electrocution
 F - a +3 vampiric demon blade
Missiles
 l - 79 poisoned needles
 A - 10 curare-tipped needles
 C - 7 needles of confusion
 Q - 7 needles of sleeping
Armour
 a - a +1 robe of fire resistance (worn)
 h - a +2 ring mail of cold resistance
 m - the +0 Maxwell's etheric cage (worn) {RegenMP+ *Contam rElec MP+4}
   (You found it on level 4 of the Dungeon)

   It insulates you from electricity.
   It affects your magic capacity (+4).
   It causes magical contamination when unequipped.
 w - a +2 pair of boots (worn)
 y - a scarf of repulsion (worn)
Magical Staves
 u - an uncursed staff of earth (weapon)
Jewellery
 e - a ring of magical power (right hand)
 i - an uncursed ring of protection from fire
 j - an amulet of harm (around neck)
 t - a ring of protection from cold (left hand)
Wands
 c - a wand of iceblast (18)
 B - a wand of digging (13)
 D - a wand of polymorph (21)
 H - a wand of acid (5)
 T - a wand of random effects (39)
Scrolls
 b - 3 scrolls of blinking {!r}
 p - 5 scrolls of enchant weapon {!r}
 q - 6 scrolls of teleportation {!r}
 r - 8 scrolls of remove curse {!r}
 s - a scroll of fog {!r}
 v - 2 scrolls of fear {!r}
 G - a scroll of silence {!r}
 L - 2 scrolls of amnesia {!r}
Potions
 f - 5 potions of flight {!q}
 k - 3 potions of might {!q}
 o - a potion of mutation {!q}
 x - a potion of magic {!q}
 z - a potion of lignification {!q}
 E - 4 potions of heal wounds {!q}
 I - 3 potions of agility {!q}
 K - a potion of berserk rage {!q}
 M - a potion of cancellation {!q}
 N - 3 potions of haste {!q}
 O - 2 potions of curing {!q}
Comestibles
 d - 25 rations
 n - 6 chunks of flesh


   Skills:
 + Level 8.9 Fighting
 + Level 8.9 Dodging
 - Level 1.7 Stealth
 - Level 10.0 Spellcasting
 - Level 11.0 Conjurations
 - Level 0.8 Summonings
 - Level 0.8 Translocations
 - Level 11.0 Earth Magic


You had 12 spell levels left.
You knew the following spells:

 Your Spells              Type           Power        Failure   Level  Hunger
a - Iron Shot             Conj/Erth      #######...   5%          6    #####..
b - Call Imp              Summ           ###.....     3%          2    None
d - Magic Dart            Conj           ####         1%          1    None
e - Mephitic Cloud        Conj/Pois/Air  #####...     2%          3    None
r - Regeneration          Chrm/Necr      ###.......   11%         3    None
s - Conjure Flame         Conj/Fire      #####...     1%          3    None
v - Blink                 Tloc           N/A          3%          2    None


Dungeon Overview and Level Annotations

Branches:
Dungeon (12/15)            Temple (0/1) D:4            Lair (1/6) D:8
    Orc (2/2) D:12
    Elf: Orc:2

Shops:
D:8 *   Orc:1 }   Orc:2 !*(=


Innate Abilities, Weirdness & Mutations

You have an increased reservoir of magic. (+10% MP)


Message History

Casting: Iron Shot (slightly dangerous; 5% risk of failure)
Confirm with . or Enter, or press ? or * to list all spells.
Aiming: Magic Dart (safe; 1% risk of failure)
Press: ? - help, Shift-Dir - straight line, f/p - ogre mage
Aim: an ogre mage, wearing a robe (almost dead, fast)
The magic dart hits the ogre mage.
You kill the ogre mage!
An ogre mage comes into view.
Unknown command.
A two-headed ogre comes into view.
It is wielding a giant spiked club and a giant club.
The ogre mage points at you and mumbles some strange words.
You feel yourself slow down.
Things that are here:
a robe; an ogre corpse
There are monsters nearby!
The ogre mage gestures at you while chanting.
You are confused.
The ogre mage gestures at you while chanting.
The bolt of poison is repelled.
You see here a giant club.
The ogre mage casts a spell at you. The bolt of poison hits you!
You are poisoned.
The two-headed ogre barely misses you.
The two-headed ogre completely misses you.
You feel less confused.
You are feeling hungry.
You feel sick.
You see here a giant club.
You feel sick.
The ogre mage points at you and mumbles some strange words.
You resist with some effort.
You feel sick.
The two-headed ogre hits you with a giant spiked club!!
* * * LOW HITPOINT WARNING * * *
The two-headed ogre hits you with a giant club.
* * * LOW HITPOINT WARNING * * *
You feel sick. The ogre mage barely misses you.
Some of the chunks of flesh in your inventory have rotted away.
You feel sick.
An ogre comes into view. It is wielding a giant spiked club.
Casting: Magic Dart (safe; 1% risk of failure)
Confirm with . or Enter, or press ? or * to list all spells.
Aiming: Iron Shot (slightly dangerous; 5% risk of failure)
Press: ? - help, Shift-Dir - straight line, f - ogre mage
Aim: an ogre mage, wearing a robe You feel a surge of power!
The iron shot hits the ogre mage.
The ogre mage is severely wounded.
You feel sick. The ogre mage barely misses you.
You feel yourself speed up.
You feel sick. The two-headed ogre closely misses you.
The two-headed ogre hits you with a giant club!
* * * LOW HITPOINT WARNING * * *
Casting: Iron Shot (slightly dangerous; 5% risk of failure)
Confirm with . or Enter, or press ? or * to list all spells.
Aiming: Iron Shot (slightly dangerous; 5% risk of failure)
Press: ? - help, Shift-Dir - straight line, f/p - ogre mage
Aim: an ogre mage, wearing a robe (severely wounded)
You feel a surge of power!
The iron shot hits the ogre mage.
You kill the ogre mage!
The two-headed ogre hits you with a giant spiked club!
* * * LOW HITPOINT WARNING * * *
The two-headed ogre hits you with a giant club!!
You die...

##........).............
##.#..#))))..########..#####
#..........)####............
.#.....)).##.)............
##..))#..#.....[.........
##))##.O......)..∩∩.....
#....#)...).)....∩∩.....
##.)##[O#...............
#.).#.@##..............
###[(.#..####............
###.##)##... ######..#####
##.....[.##... ....
#.....(.####... ...
##.##.#.# #### ### #
##..###### ###.# ##....##.##
#.#.#### ###.........#
###...#.#


You could see a two-headed ogre and an ogre.

Vanquished Creatures
  Frances (D:12)
  Snorg (D:11)
  Erolcha (Orc:1)
  2 hydras
  Fannar (D:12)
  A centaur warrior (D:10)
  Erica (D:11)
  15 two-headed ogres
  3 ogre magi (Orc:2)
  An orc high priest (Orc:2)
  Sonja (Orc:2)
  The ghost of Tovarisch the Thaumaturge, a novice DEFE of Vehumet (D:9)
  3 ugly things (D:11)
  3 cyclopes
  4 spiny frogs (Lair:1)
  A centaur skeleton (D:12)
  A komodo dragon (Lair:1)
  An efreet (D:12)
  A tengu conjurer (D:10)
  3 trolls
  A hippogriff (Lair:1)
  Sigmund (D:2)
  17 yaks
  A spriggan (D:7)
  2 wraiths
  Grum (D:8)
  3 hungry ghosts
  3 wargs (Orc:1)
  An acid dragon (D:12)
  4 water moccasins
  3 black bears
  A necrophage (D:10)
  6 sky beasts
  An eye of draining (D:8)
  4 phantoms
  4 ice beasts
  32 orc warriors
  4 wolves (D:8)
  5 boggarts (D:11)
  6 centaurs
  26 ogres
  2 big kobolds (D:12)
  4 crocodiles
  9 bullfrogs
  Blork the orc (D:4)
  3 gnoll sergeants (D:12)
  3 scorpions
  12 killer bees
  A wyvern skeleton (D:10)
  2 wights (D:5)
  2 howler monkeys (D:12)
  3 jellies
  A crimson imp (D:5)
  A centaur zombie (D:8)
  2 quasits
  2 hounds
  20 orc priests
  4 iguanas
  2 bullfrog skeletons
  Natasha (thrice) (D:4)
  26 orc wizards
  8 worker ants
  A statue (D:6)
  2 killer bee zombies
  2 hound skeletons
  A worker ant zombie (D:7)
  7 gnolls
  A howler monkey zombie (D:9)
  A howler monkey skeleton (D:5)
  20 adders
  2 shadow imps
  9 oozes (D:2)
  3 adder zombies
  2 worms
  5 dart slugs
  7 leopard geckos
  96 orcs
  2 ball pythons
  6 giant cockroaches
  12 goblins
  12 hobgoblins
  15 jackals
  6 quokkas
  12 bats
  6 frilled lizards
  A giant cockroach zombie (D:3)
  15 kobolds
  2 leopard gecko skeletons
  A quokka zombie (D:9)
  2 rats
534 creatures vanquished.

Vanquished Creatures (collateral kills)
  A wight (D:4)
1 creature vanquished.

Vanquished Creatures (others)
  7 toadstools (D:2)
7 creatures vanquished.

Grand Total: 542 creatures vanquished

Notes
Turn   | Place    | Note
-------+----------+-------------------------------------------
     0 | D:1      | Amnesiac the Demigod Wizard began the quest for the Orb.
     0 | D:1      | Reached XP level 1. HP: 14/14 MP: 6/6
    34 | D:1      | Reached skill level 1 in Conjurations
   453 | D:1      | Reached XP level 2. HP: 20/20 MP: 4/8
   457 | D:1      | Learned a level 2 spell: Call Imp
   971 | D:1      | Reached XP level 3. HP: 26/26 MP: 1/10
  1583 | D:2      | Reached XP level 4. HP: 33/33 MP: 2/11
  1588 | D:2      | Learned a level 3 spell: Conjure Flame
  1592 | D:2      | Learned a level 3 spell: Mephitic Cloud
  1666 | D:2      | Reached skill level 1 in Fighting
  1833 | D:2      | Reached XP level 5. HP: 35/41 MP: 8/12
  2515 | D:2      | Noticed Sigmund
  2550 | D:2      | Killed Sigmund
  2550 | D:2      | Reached XP level 6. HP: 51/51 MP: 9/13
  2807 | D:2      | Learned a level 2 spell: Blink
  2808 | D:3      | Found a burning altar of Makhleb.
  2893 | D:3      | Found a deep blue altar of Sif Muna.
  3068 | D:3      | Found a basalt altar of Yredelemnul.
  3339 | D:3      | Found a glowing silver altar of Zin.
  3912 | D:4      | Found the +0 Maxwell's etheric cage {RegenMP+ *Contam rElec MP+4}
  3915 | D:4      | Found an ornate altar of the Wu Jian Council.
  4016 | D:4      | Noticed Natasha
  4020 | D:4      | Killed Natasha
  4068 | D:4      | Reached XP level 7. HP: 58/59 MP: 15/15
  4287 | D:4      | Noticed Natasha
  4290 | D:4      | Killed Natasha
  4313 | D:4      | Found an iron altar of Okawaru.
  4334 | D:4      | Noticed Natasha
  4337 | D:4      | Killed Natasha
  4449 | D:4      | Found a staircase to the Ecumenical Temple.
  4500 | D:5      | Entered Level 5 of the Dungeon
  4533 | D:5      | Found a hazy altar of Hepliaklqana.
  4649 | D:5      | Reached skill level 5 in Spellcasting
  4841 | D:5      | Noticed Blork the orc
  4866 | D:4      | Learned a level 6 spell: Iron Shot
  5005 | D:4      | Killed Blork the orc
  5005 | D:4      | Reached skill level 1 in Earth Magic
  5142 | D:5      | Reached XP level 8. HP: 55/66 MP: 19/19
  6284 | D:6      | Found a radiant altar of Vehumet.
  6570 | D:7      | Reached skill level 5 in Conjurations
  6570 | D:7      | Reached skill level 5 in Earth Magic
  6609 | D:7      | Found a blossoming altar of Fedhas.
  6763 | D:7      | Reached XP level 9. HP: 71/71 MP: 21/21
  7084 | D:8      | Noticed Grum
  7092 | D:8      | Noticed a six-headed hydra
  7102 | D:8      | Killed a six-headed hydra
  7345 | D:8      | Found a white marble altar of Elyvilon.
  7561 | D:8      | Noticed a two-headed ogre
  7600 | D:8      | Killed a two-headed ogre
  7600 | D:8      | Reached XP level 10. HP: 56/78 MP: 24/24
  7792 | D:8      | Found a staircase to the Lair.
  7872 | D:8      | Killed Grum
  7885 | D:8      | Got a scorched scale mail
  7965 | D:8      | Found Waqiam's Assorted Antiques.
  8096 | D:8      | Identified the +6 scale mail "Runim" {MR++} (You took it off Grum on level 8 of the Dungeon)
  8189 | Lair:1   | Entered Level 1 of the Lair of Beasts
  8707 | Lair:1   | Noticed a seven-headed hydra
  8723 | Lair:1   | Killed a seven-headed hydra
  9222 | D:9      | Found a roughly hewn altar of Beogh.
  9284 | D:9      | Reached XP level 11. HP: 11/84 MP: 0/27
  9300 | D:9      | Noticed Tovarisch's ghost (novice DEFE)
  9754 | D:9      | Noticed a two-headed ogre
  9758 | D:9      | Killed a two-headed ogre
  9941 | D:9      | Killed Tovarisch's ghost
 10380 | D:9      | Found an opulent altar of Gozag.
 10382 | D:9      | Found a hide-covered altar of Uskayaw.
 10382 | D:9      | Found a shattered altar of Ashenzari.
 10384 | D:9      | Found a glowing golden altar of the Shining One.
 10384 | D:9      | Found a shimmering altar of Xom.
 10384 | D:9      | Found a burning altar of Makhleb.
 10529 | D:10     | Entered Level 10 of the Dungeon
 10584 | D:10     | Learned a level 3 spell: Regeneration
 10701 | D:10     | Noticed a two-headed ogre
 10705 | D:10     | Killed a two-headed ogre
 10835 | D:10     | Noticed a centaur warrior
 10921 | D:10     | Killed a centaur warrior
 10921 | D:10     | Reached skill level 10 in Conjurations
 10921 | D:10     | Reached skill level 10 in Earth Magic
 11513 | D:11     | Noticed Snorg
 11522 | D:11     | Killed Snorg
 11538 | D:11     | Noticed a two-headed ogre
 11542 | D:11     | Killed a two-headed ogre
 11555 | D:11     | Noticed Erica
 11573 | D:11     | Killed Erica
 11877 | D:11     | Noticed an eight-headed hydra
 12351 | D:11     | Found a shimmering altar of Xom.
 12381 | D:11     | Reached XP level 12. HP: 91/91 MP: 30/30
 13012 | D:12     | Found an ornate altar of the Wu Jian Council.
 13086 | D:12     | Found a staircase to the Orcish Mines.
 13109 | D:12     | Reached skill level 10 in Spellcasting
 13547 | D:12     | Noticed Fannar
 13554 | D:12     | Killed Fannar
 13554 | D:12     | Reached skill level 5 in Fighting
 13554 | D:12     | Reached skill level 5 in Dodging
 13574 | D:12     | Noticed Frances
 13577 | D:12     | Killed Frances
 13927 | Orc:1    | Entered Level 1 of the Orcish Mines
 13967 | Orc:1    | Noticed Erolcha
 14293 | Orc:1    | Killed Erolcha
 14457 | Orc:1    | Found Xyigis's Gadget Emporium.
 14744 | Orc:2    | Entered Level 2 of the Orcish Mines
 15216 | Orc:2    | Noticed Sonja
 15216 | Orc:2    | Killed Sonja
 15739 | Orc:2    | Reached XP level 13. HP: 80/104 MP: 31/31
 15944 | Orc:2    | Found Peirphuca's Assorted Antiques.
 15944 | Orc:2    | Found Jufonimy's Distillery.
 15945 | Orc:2    | Found Zets's Jewellery Shop.
 15945 | Orc:2    | Found Guah's Weapon Emporium.
 16012 | Orc:2    | Mangled by a two-headed ogre

Vault maps used:
D:1:      mrwooster_arrival_statue_2
D:2:      cheibrodos_fertilizer, serial_co_window_serial, co_window_cross_1,
          co_window_paths_b, co_window_corner_a, co_window_paths_a,
          co_window_corner_a, co_window_of_opportunity_b, co_window_paths_c,
          co_window_paths_c, co_window_paths_e, co_window_4corner_b,
          first_ration, minmay_vboxes, uniq_sigmund
D:3:      minmay_diamond_boxcup, overflow_temple_1_default,
          yredelemnul_altar_generic, zin_academy, nicolae_overflow_crystal_walls
D:4:      okawaru_ov_weapons_minmay, nicolae_overflow_hidden_temple,
          minmay_temple_entry_nine_rooms, uniq_natasha
D:5:      old_standard_altar, sword_in_stone
D:6:      vehumet_statue
D:7:      basic_altar, the_bakery
D:8:      marbit_many_paths, lair_entry_dummy, serial_shops,
          nicolae_shop_crystal, uniq_grum
D:9:      doesnt_xom_only_xom, minmay_joined_circles
D:10:     minmay_curly_fans
D:11:     basic_altar, uniq_erica, uniq_snorg
D:12:     kennysheep_orc_monster_closet_entryway, basic_altar, uniq_frances,
          uniq_fannar
Orc:1:    serial_shops, nicolae_shop_temple_entry_statues_fountains,
          uniq_erolcha
Orc:2:    st_orc_ogre_mass, guppyfry_library_mini, uniq_sonja

Skill      XL: |  1  2  3  4  5  6  7  8  9 10 11 12 13 |
---------------+----------------------------------------+-----
Conjurations   | 1 2 3 5 7 8 10 11 | 11.0
Spellcasting   | 3 5 6 8 9 10 | 10.0
Fighting       | 2 3 4 6 8 |  8.9
Dodging        | 2 3 4 7 8 |  8.9
Earth Magic    | 2 5 7 9 10 11 | 11.0
Stealth        | |  1.7
Summonings     | |  0.8
Translocations | |  0.8

Action                   |  1- 3 |  4- 6 |  7- 9 | 10-12 | 13-15 || total
-------------------------+-------+-------+-------+-------+-------++-------
Melee: Unarmed           |     2 |       |       |       |       ||     2
       Whip              |     3 |    38 |       |       |       ||    41
       Spear             |       |     1 |       |       |       ||     1
       Staff             |       |       |     7 |     7 |       ||    14
 Cast: Magic Dart        |    96 |   173 |   458 |   480 |     8 ||  1215
       Conjure Flame     |       |     2 |    16 |    43 |       ||    61
       Mephitic Cloud    |       |     1 |     7 |     2 |       ||    10
       Call Imp          |       |       |     4 |       |       ||     4
       Blink             |       |       |     2 |     1 |       ||     3
       Iron Shot         |       |       |       |   206 |    37 ||   243
Evoke: Wand              |       |       |     1 |       |       ||     1
  Use: Scroll            |       |    11 |    10 |     9 |       ||    30
       Potion            |       |       |       |     1 |       ||     1
 Stab: Sleeping          |     1 |       |       |       |       ||     1
  Eat: Chunk             |     2 |     8 |    10 |    72 |    10 ||   102
       Ration            |       |       |       |     4 |       ||     4
Armor: Robe              |     5 |    23 |    25 |    61 |       ||   114
       Ring mail         |       |       |       |     6 |       ||     6
Dodge: Dodged            |    40 |    82 |   102 |   248 |    12 ||   484
       Deflected         |       |       |     5 |    17 |     2 ||    24

Table legend:
 A = Spawn XP
 B = Non-spawn XP
 C = Spawn XP percentage of total XP
 D = Spawn monster count
 E = Non-spawn monster count
 F = Spawn count percentage of total count
 G = Total turns spent on level
                    A         B        C        D         E        F      G
               +---------+---------+-------+---------+---------+-------+---------
         Total |       0 |   59901 |   0.0 |       0 |     535 |   0.0 | 16012
               +---------+---------+-------+---------+---------+-------+---------
           D:1 |       0 |      57 |   0.0 |       0 |      30 |   0.0 |  1387
           D:2 |       0 |     465 |   0.0 |       0 |      43 |   0.0 |  1421
           D:3 |       0 |     150 |   0.0 |       0 |      34 |   0.0 |  1133
           D:4 |       0 |     626 |   0.0 |       0 |      25 |   0.0 |   823
           D:5 |       0 |     545 |   0.0 |       0 |      18 |   0.0 |  1203
           D:6 |       0 |     781 |   0.0 |       0 |      16 |   0.0 |   580
           D:7 |       0 |    1090 |   0.0 |       0 |      17 |   0.0 |   504
           D:8 |       0 |    3561 |   0.0 |       0 |      36 |   0.0 |  1148
           D:9 |       0 |    5903 |   0.0 |       0 |      78 |   0.0 |  1386
          D:10 |       0 |    3550 |   0.0 |       0 |      21 |   0.0 |  1091
          D:11 |       0 |    7610 |   0.0 |       0 |      41 |   0.0 |  1392
          D:12 |       0 |    8577 |   0.0 |       0 |      47 |   0.0 |  1215
        Lair:1 |       0 |    4806 |   0.0 |       0 |      18 |   0.0 |   944
         Orc:1 |       0 |    3513 |   0.0 |       0 |      30 |   0.0 |   879
         Orc:2 |       0 |   18667 |   0.0 |       0 |      81 |   0.0 |   906
               +---------+---------+-------+---------+---------+-------+---------
